 Dungeon Crawl Stone Soup version 0.31.0-12-g77e489cdc1 (webtiles) character file.

Game seed: 2673619628862855640

204804 nightchill the Warrior (level 18, -1/176 HPs)
             Began as a Minotaur Fighter on Feb 8, 2024.
             Was a Priest of Zin.
             Shot with a bolt by a yaktaur (14 damage)
             ... summoned by a glowing orange brain
             ... on level 1 of the Vaults on Feb 11, 2024.
             The game lasted 01:57:55 (35738 turns).

nightchill the Warrior (Minotaur Fighter)          Turns: 35738, Time: 01:57:55

Health: -1/176     AC: 23    Str: 31    XL:     18   Next: 2%
Magic:  9/29       EV: 10    Int: 12    God:    Zin [***...]
Gold:   2420       SH: 15    Dex: 16    Spells: 17/17 levels left

rFire   + + .        a - +9 broad axe (flame)
rCold   . . .        I - +1 kite shield
rNeg    + + +        u - +4 ring mail {rF+}
rPois   ∞            (helmet restricted)
rElec   +            c - +0 cloak of the Wasteland {Will+ Stlth+}
rCorr   .            v - +2 pair of gloves
SInv    .            S - +0 pair of boots
Will    ++...        K - amulet of faith
Stlth   +            Y - ring "Lunkaajyet" {rElec AC+4 Int+3 Slay+3}
HPRegen 0.49/turn    O - ring of Mirth {+Blink rF+ rN+++ Int-3 Stlth-}
MPRegen 0.21/turn

%: faith
@: mighty, vitalised
A: horns 2, retaliatory headbutt
}: 1/15 runes: serpentine
a: Renounce Religion, Evoke Blink, Recite, Vitalisation, Imprison, Donate Gold


You were on level 1 of the Vaults.
You worshipped Zin.
Zin was most pleased with you.
You visited 7 branches of the dungeon, and saw 30 of its levels.
You also visited: Sewer.

You collected 2688 gold pieces.
You donated 268 gold pieces to Zin.

Inventory:

Hand Weapons
 a - a +9 broad axe of flaming (weapon)
 g - a +1 broad axe of draining
Missiles
 r - 19 curare-tipped darts
 w - 35 poisoned darts
 N - 5 javelins
 W - 3 datura-tipped darts
Armour
 c - the +0 cloak of the Wasteland (worn) {Will+ Stlth+}
   (You acquired it on level 4 of the Lair of Beasts)

   Will+:     It increases your willpower.
   Stlth+:    It makes you more stealthy.
 u - a +4 ring mail of fire resistance (worn)
 v - a +2 pair of gloves (worn)
 I - a +1 kite shield (worn)
 S - a +0 pair of boots (worn)
Jewellery
 d - an amulet of the acrobat
 t - a ring of ice
 C - a +4 ring of slaying
 K - an amulet of faith (around neck)
 O - the ring of Mirth (right hand) {+Blink rF+ rN+++ Int-3 Stlth-}
   (You acquired it on level 4 of the Lair of Beasts)

   [ring of protection from fire]

   Int-3:     It affects your intelligence (-3).
   rF+:       It protects you from fire.
   rN+++:     It renders you almost immune to negative energy.
   +Blink:    It lets you blink.
   Stlth-:    It makes you less stealthy.
 R - a +4 ring of slaying
 Y - the ring "Lunkaajyet" (left hand) {rElec AC+4 Int+3 Slay+3}
   (You found it on level 13 of the Dungeon)

   [ring of protection]

   AC+4:      It affects your AC (+4).
   Int+3:     It affects your intelligence (+3).
   Slay+3:    It affects your accuracy & damage with ranged weapons and melee
   (+3).
   rElec:     It insulates you from electricity.
Wands
 b - a wand of mindburst (20)
 j - a wand of paralysis (8) (quivered)
 A - a wand of roots (12)
 G - a wand of digging (13)
 M - a wand of acid (1)
 U - a wand of flame (40)
Scrolls
 f - 5 scrolls of poison
 i - 3 scrolls of fog
 l - 2 scrolls of vulnerability
 s - 2 scrolls of fear
 y - 9 scrolls of immolation
 B - 5 scrolls of enchant armour
 D - a scroll of revelation
 J - 4 scrolls of noise
 P - a scroll of silence
 V - 2 scrolls of summoning
 Z - a scroll of torment
Potions
 e - 5 potions of might
 h - 6 potions of mutation
 k - 7 potions of heal wounds
 m - 7 potions of curing
 p - 3 potions of brilliance
 q - a potion of attraction
 x - 2 potions of magic
 z - 3 potions of resistance
 E - 2 potions of berserk rage
 L - a potion of haste
 Q - a potion of enlightenment
 T - 3 potions of cancellation
 X - 6 potions of lignification


   Skills:
 + Level 19.2 Fighting
 - Level 18.0 Axes
 * Level 14.4 Armour
 - Level 16.6 Shields
 * Level 16.1 Invocations
 - Level 8.0 Evocations


You had 17 spell levels left.
You didn't know any spells.
Your spell library contained the following spells:

 Spells                   Type           Power      Damage    Failure   Level
 Freeze                   Ice            0%         1d3       50%         1
 Sandblast                Erth           0%         2d4       50%         1
 Shock                    Conj/Air       0%         1d3       50%         1
 Summon Small Mammal      Summ           0%         N/A       50%         1
 Sublimation of Blood     Necr           0%         N/A       63%         2
 Call Canine Familiar     Summ           0%         N/A       86%         3
 Frozen Ramparts          Ice            0%         1d1       86%         3
 Hailstorm                Conj/Ice       0%         3d5       86%         3
 Inner Flame              Hex/Fire       0%         N/A       86%         3
 Ozocubu's Armour         Ice            0%         N/A       86%         3
 Passwall                 Erth           0%         N/A       86%         3
 Sigil of Binding         Hex            0%         N/A       86%         3
 Stone Arrow              Conj/Erth      0%         3d7       86%         3
 Summon Ice Beast         Ice/Summ       0%         N/A       86%         3
 Swiftness                Air            0%         N/A       86%         3
 Airstrike                Air            0%         2d(0-16)  99%         4
 Anguish                  Hex/Necr       0%         N/A       99%         4
 Brom's Barrelling Bould  Conj/Erth      0%         2d3       99%         4
 Cause Fear               Hex            0%         N/A       99%         4
 Dimensional Bullseye     Hex/Tloc       0%         N/A       99%         4
 Flame Wave               Conj/Fire      0%         2d4       99%         4
 Petrify                  Alch/Erth      0%         N/A       99%         4
 Sticky Flame             Fire/Alch      0%         2d4       99%         4
 Summon Blazeheart Golem  Fire/Summ      0%         N/A       99%         4
 Summon Lightning Spire   Summ/Air       0%         N/A       99%         4
 Irradiate                Conj/Alch      0%         3d11      100%        5
 Metabolic Englaciation   Hex/Ice        0%         N/A       100%        5
 Silence                  Hex/Air        0%         N/A       100%        5
 Summon Forest            Summ/Tloc      0%         N/A       100%        5
 Eringya's Noxious Bog    Alch           0%         4d6       100%        6
 Sculpt Simulacrum        Ice/Alch       0%         N/A       100%        6
 Enfeeble                 Hex            0%         N/A       100%        7
 Orb of Destruction       Conj           0%         9d5       100%        7
 Spellforged Servitor     Conj/Summ      0%         N/A       100%        7
 Summon Hydra             Summ           0%         N/A       100%        7


Dungeon Overview and Level Annotations

Branches:
Dungeon (15/15)            Temple (1/1) D:5            Lair (5/5) D:8
 Shoals (2/4) Lair:2        Snake (4/4) Lair:3        Slime (0/5) Lair:4
    Orc (2/2) D:9             Elf (0/3) Orc:2        Vaults (1/5) D:14
 Depths (0/4) D:15          Sewer (visited)

Altars:
Ashenzari
Cheibriados
Dithmenos
Elyvilon
Fedhas
Gozag
Hepliaklqana
Kikubaaqudgha
Makhleb
Nemelex Xobeh
Okawaru
Qazlal
Ru
Sif Muna
Trog
Uskayaw
Vehumet
Wu Jian
Xom
Yredelemnul
Zin
The Shining One
Jiyva

Shops:
D:2 !   D:5 (   D:9 ?   Orc:2 [=!!   Snake:2 ([!!

Portals:
Abyss: Lair:5
Pandemonium: Orc:2

Annotations:
D:13 !danger shooter
D:14 exclusions: downstairs and goblin
D:15 Roxanne
Lair:1 exclusions: downstairs and 2 oklob plants
Lair:2 exclusions: electric eel, plant and 1 more exclusion
Lair:3 exclusion: downstairs
Lair:4 1 runed translucent door
Lair:5 2 transporters, MrCrawl's ghost, journeyman MiBe
Shoals:2 Ilsuiw
Snake:3 exclusion: 2 downstairs
Snake:4 2 transporters, Yehuk's ghost, adept MiBe
Orc:2 1 exclusion
Vaults:1 Norris


Innate Abilities, Weirdness & Mutations

You have a pair of horns on your head.
You reflexively headbutt those who attack you in melee.


Message History

Norris freezes you.
* * * LOW HITPOINT WARNING * * *
You block the yaktaur's attack.
The ironbound frostheart calls freezing cold from the walls.
The frost grips you!!
* * * LOW HITPOINT WARNING * * *
You are encased in ice.
The vault warden splashes around in the water.
Press: ? - help, v - describe, . - travel, g - get item Item here: a +0 arbalest.
Some shallow water, summoned.
You slice Norris!! You burn Norris!
Norris is almost dead.
You slash the yaktaur! You burn the yaktaur.
You are engulfed in freezing vapours.
* * * LOW HITPOINT WARNING * * *
Norris mumbles some strange prayers to his god against you.
The torrent of water hits you!!
* * * LOW HITPOINT WARNING * * *
The wave splashes down.
You hear a shout!
Blink to where?
Press: ? - help, Dir - move target, p - Norris
Found a book of Cantrips.
As you read the scroll of blinking, it crumbles to dust.
You are no longer terrified.
The yaktaur wields a +0 arbalest.
The yaktaur shoots a bolt.
The bolt completely misses you.
Aiming: Imprison (0% risk of failure)
Press: ? - help, Dir - move target, f - Norris
Aim: Norris, wielding a +2 great sword of freezing (almost dead)
You briefly glimpse something next to Norris.
Norris calls down the wrath of his god upon you.
Something gnaws on your mind!
* * * LOW HITPOINT WARNING * * *
You feel your power leaking away.
An ogre mage comes into view. It is wielding a +0 club.
The ice encasing you melts away.
The yaktaur shoots a bolt.
The bolt hits you!
You die...

#####'####### #
.......O##......#
........##......#
........##......#
........##......#
........##......#
........##......#
........#########
#####@#########.......
#.............#.......
#.............#.......
#.........$...#~~F....
.'.........†...#~~.....
..#....!....[.~~#FF~....
. #.:........c~G#~~.....
#..........p~@~GFpp...
#............~#cc..^..


You could see a vault warden (summoned), an ogre mage and a yaktaur (summoned).

Vanquished Creatures
  Mara (Snake:4)
  Vashnia (Snake:3)
  Saint Roka (Snake:4)
  Nikola (Snake:3)
  Mlioglotl (Shoals:2)
  Aizul (Snake:2)
  A vault warden (Vaults:1)
  4 nagarajas (Snake:4)
  2 ironbound preservers (Vaults:1)
  An orc warlord (Vaults:1)
  Nessos (D:15)
  2 ironbound thunderhulks
  3 dire elephants
  An ettin (Orc:1)
  Josephine (D:14)
  Snorg (D:10)
  A fire dragon (D:13)
  A yaktaur captain (Vaults:1)
  2 great orbs of eyes (Vaults:1)
  2 salamander tyrants
  2 catoblepae
  A merfolk avatar (Lair:5)
  An ogre mage (D:15)
  10 anacondas
  A demonspawn (Orc:2)
  Erica (Orc:1)
  An ironbound frostheart (Vaults:1)
  7 boulder beetles
  3 hydras
  2 two-headed ogres
  6 death yaks
  3 merfolk aquamancers
  3 centaur warriors
  8 naga warriors
  4 orc high priests (Orc:2)
  14 naga sharpshooters
  A sun demon (D:9)
  12 shock serpents
  Sonja (D:13)
  4 skysharks
  3 salamander mystics
  A fire crab (shapeshifter) (D:14)
  8 skeletal warriors
  4 sea snakes
  8 mana vipers
  7 naga ritualists
  3 deep trolls (Vaults:1)
  Pikel (D:4)
  8 orc knights
  10 orc sorcerers
  2 deep elf pyromancers
  10 harpies
  4 cyclopes
  5 manticores
  Maurice (D:8)
  5 merfolk sirens
  15 salamanders
  10 ugly things
  2 fauns (Shoals:1)
  3 meliai (D:14)
  4 guardian serpents
  25 elephants
  30 black mambas
  A vault sentinel (Vaults:1)
  A black mamba (shapeshifter) (D:15)
  A torpor snail (Lair:5)
  16 naga magi
  5 orange demons (D:10)
  11 cane toads
  Maggie (D:7)
  5 gargoyles
  Jeremiah (D:7)
  2 unseen horrors (D:11)
  5 rime drakes
  6 komodo dragons
  A freezing wraith (D:15)
  8 yaktaurs
  3 ice devils
  4 red devils
  A queen bee (shapeshifter) (D:14)
  A wind drake (Lair:5)
  A merfolk (Shoals:2)
  4 polar bears
  2 hornets (Lair:5)
  3 trolls
  A hellwing (D:8)
  Prince Ribbit (D:5)
  13 blink frogs
  2 dream sheep (Lair:1)
  4 snapping turtles
  11 slime creatures
  6 wyverns
  12 water elementals
  2 shadows (D:11)
  6 wraiths
  A vampire (D:12)
  Sigmund (D:2)
  4 humans (D:14)
  69 yaks
  Eustachio (D:5)
  5 basilisks
  3 wargs (Orc:1)
  A neqoxec (Orc:2)
  2 steam dragons
  14 vampire mosquitoes
  28 nagas
  2 acid dragons
  Edmund (D:5)
  2 chaos spawn (D:9)
  Duvessa (D:7)
  9 water moccasins
  43 orc warriors
  2 sky beasts
  4 black bears
  A crocodile (Sewer)
  11 ogres
  27 wolves
  2 lemures (D:4)
  5 centaurs
  2 phantoms
  A kobold brigand (Sewer)
  11 bullfrogs
  2 gnoll sergeants (D:9)
  A scorpion (D:8)
  5 wights
  Dowan (D:7)
  6 howler monkeys
  3 quasits (D:9)
  4 hounds
  A jelly (D:6)
  4 bombardier beetles
  A gnoll bouda (Lair:1)
  19 orc priests
  2 sleepcaps
  17 orc wizards
  Ijyb (D:5)
  3 iguanas
  Terence (D:3)
  12 gnolls
  9 adders
  3 river rats (Sewer)
  2 shadow imps
  A white imp (D:7)
  2 ufetubi (D:6)
  3 ribbon worms
  2 dart slugs (D:1)
  88 orcs
  8 endoplasms
  6 giant cockroaches
  8 goblins
  9 hobgoblins
  6 jackals
  7 kobolds
  8 quokkas
  12 ball pythons
  6 bats
  4 frilled lizards (D:1)
  12 rats
  A spectral hobgoblin (D:9)
957 creatures vanquished.

Vanquished Creatures (others)
  An orc priest (Snake:4)
1 creature vanquished.

Grand Total: 958 creatures vanquished

Notes
Turn   | Place    | Note
-------+----------+-------------------------------------------
     0 | D:1      | nightchill the Minotaur Fighter began the quest for the
                  | Orb.
     0 | D:1      | Reached XP level 1. HP: 19/19 MP: 0/0
    79 | D:1      | Reached XP level 2. HP: 24/27 MP: 1/1
   109 | D:1      | Reached skill level 4 in Fighting
   339 | D:1      | Reached XP level 3. HP: 27/33 MP: 2/2
  1000 | D:2      | Found an ancient bone altar of Kikubaaqudgha.
  1028 | D:2      | Reached XP level 4. HP: 34/35 MP: 3/3
  1320 | D:2      | Found Riorihan's Distillery.
  1347 | D:2      | Noticed Sigmund
  1358 | D:2      | Killed Sigmund
  1359 | D:2      | Reached skill level 5 in Fighting
  1359 | D:2      | Reached XP level 5. HP: 28/48 MP: 4/4
  1567 | D:3      | Noticed Terence
  1577 | D:3      | Killed Terence
  1717 | D:3      | Reached XP level 6. HP: 55/56 MP: 5/5
  2170 | D:3      | Found a glowing golden altar of the Shining One.
  2570 | D:4      | Noticed Pikel
  2595 | D:4      | Killed Pikel
  2596 | D:4      | Reached skill level 6 in Fighting
  2596 | D:4      | Reached XP level 7. HP: 36/64 MP: 6/6
  2600 | D:4      | Reached skill level 7 in Fighting
  2954 | D:4      | Reached XP level 8. HP: 45/73 MP: 7/7
  3057 | D:3      | Became a worshipper of the Shining One
  3340 | D:4      | Found a burning altar of Makhleb.
  3496 | D:5      | Entered Level 5 of the Dungeon
  3685 | D:5      | Noticed Eustachio
  3714 | D:5      | Killed Eustachio
  3715 | D:5      | Reached skill level 8 in Fighting
  3715 | D:5      | Reached skill level 10 in Axes
  3839 | D:5      | Noticed Prince Ribbit
  3852 | D:5      | Killed Prince Ribbit
  4252 | D:5      | Noticed Ijyb
  4256 | D:5      | Killed Ijyb
  4405 | D:5      | Found Impojaurph's Weapon Shoppe.
  4405 | D:5      | Noticed Edmund
  4413 | D:5      | Killed Edmund
  4504 | D:5      | Found a staircase to the Ecumenical Temple.
  4541 | Temple   | Entered the Ecumenical Temple
  4548 | Temple   | Fell from the grace of the Shining One
  4548 | Temple   | Became a worshipper of Zin the Law-Giver
  4548 | Temple   | Reached * piety under Zin
  4590 | D:6      | Reached skill level 9 in Fighting
  4590 | D:6      | Reached XP level 9. HP: 62/83 MP: 8/8
  4613 | D:6      | Found a glowing drain.
  4669 | Sewer    | Entered a sewer
  5433 | D:6      | Identified the +2 spear of Conflict {drain, Int-2 Dex+7}
  5442 | D:6      | Reached ** piety under Zin
  5940 | D:7      | Noticed Maggie
  5952 | D:7      | Killed Maggie
  5953 | D:7      | Reached skill level 10 in Fighting
  6000 | D:7      | Noticed Duvessa
  6004 | D:7      | Noticed Dowan
  6007 | D:7      | Killed Duvessa
  6012 | D:7      | Killed Dowan
  6134 | D:7      | Noticed Jeremiah
  6153 | D:7      | Killed Jeremiah
  6474 | D:7      | Reached XP level 10. HP: 94/94 MP: 9/9
  6641 | D:7      | Reached skill level 11 in Fighting
  6954 | D:8      | Reached skill level 15 in Axes
  7075 | D:8      | Reached *** piety under Zin
  7463 | D:8      | Found a staircase to the Lair.
  7498 | D:9      | Found Kookabi's Magic Scroll Shoppe.
  7738 | D:9      | Noticed Maurice
  7738 | D:9      | Maurice stole 14 poisoned darts
  7742 | D:8      | Something stole a +2 morningstar of protection
  7744 | D:8      | Killed Maurice
  7785 | D:9      | Reached skill level 12 in Fighting
  7850 | D:9      | Reached skill level 1 in Invocations
  7949 | D:9      | Reached XP level 11. HP: 104/104 MP: 8/11
  8188 | D:9      | Reached **** piety under Zin
  8195 | D:9      | Found a staircase to the Orcish Mines.
  8382 | D:9      | Noticed a sun demon
  8403 | D:9      | Killed a sun demon
  8874 | D:9      | Found a hazy altar of Hepliaklqana.
  8926 | Lair:1   | Entered Level 1 of the Lair of Beasts
  9010 | D:8      | Reached skill level 5 in Shields
  9016 | D:8      | Reached skill level 5 in Invocations
  9234 | D:8      | Reached skill level 13 in Fighting
  9245 | Lair:1   | Noticed an eight-headed hydra
  9684 | D:8      | Killed an eight-headed hydra
 10038 | Lair:1   | Reached XP level 12. HP: 113/115 MP: 14/16
 10952 | Lair:2   | Found a staircase to the Shoals.
 11567 | Lair:3   | Reached skill level 14 in Fighting
 11708 | Lair:3   | Reached skill level 10 in Shields
 11768 | Lair:3   | Noticed a death yak
 11768 | Lair:3   | Noticed a death yak
 11807 | Lair:3   | Noticed a catoblepas
 11833 | Lair:2   | Killed a death yak
 11888 | Lair:3   | Killed a catoblepas
 12136 | Lair:3   | Noticed a death yak
 12137 | Lair:3   | Noticed a death yak
 12138 | Lair:3   | Noticed a death yak
 12141 | Lair:3   | Noticed a death yak
 12147 | Lair:3   | Killed a death yak
 12155 | Lair:3   | Killed a death yak
 12390 | Lair:2   | Killed a death yak
 12691 | Lair:4   | Reached XP level 13. HP: 124/125 MP: 17/19
 12708 | Lair:4   | Reached skill level 10 in Invocations
 12840 | Lair:4   | Identified 2 scrolls of acquirement
 12840 | Lair:4   | Acquired the ring of Mirth {+Blink rF+ rN+++ Int-3 Stlth-}
 12844 | Lair:4   | Acquired the +0 cloak of the Wasteland {Will+ Stlth+}
 12976 | Lair:4   | Reached skill level 1 in Evocations
 14108 | Lair:4   | Found a runed translucent door.
 14109 | Lair:4   | Found a viscous altar of Jiyva.
 14109 | Lair:4   | Noticed an azure jelly
 14109 | Lair:4   | Noticed an azure jelly
 14110 | Lair:4   | Noticed an azure jelly
 14110 | Lair:4   | Noticed an azure jelly
 14111 | Lair:4   | Found a staircase to the Slime Pits.
 14111 | Lair:4   | Noticed an azure jelly
 14335 | D:10     | Entered Level 10 of the Dungeon
 14404 | D:10     | Reached skill level 15 in Fighting
 15156 | D:10     | Noticed Snorg
 15169 | D:10     | Killed Snorg
 15734 | Orc:1    | Entered Level 1 of the Orcish Mines
 15748 | Orc:1    | Noticed Erica
 15753 | Orc:1    | Reached skill level 5 in Evocations
 15825 | Orc:1    | Killed Erica
 15935 | Orc:2    | Entered Level 2 of the Orcish Mines
 15941 | Orc:2    | Noticed an ettin
 15952 | Orc:1    | Killed an ettin
 16633 | Orc:1    | Reached ***** piety under Zin
 16990 | Orc:2    | Found a staircase to the Elven Halls.
 17630 | Orc:2    | Reached XP level 14. HP: 135/135 MP: 20/20
 17797 | Orc:2    | Found Yblom's Distillery.
 17799 | Orc:2    | Found Kiedal's Distillery.
 18709 | Orc:2    | Found Nurpham's Antique Armour Shop.
 18709 | Orc:2    | Found a one-way gate leading to the halls of Pandemonium.
 18709 | Orc:2    | Found Pionag's Jewellery Boutique.
 20029 | D:12     | You fall into a shaft and drop 3 floors!
 20029 | D:15     | Entered Level 15 of the Dungeon
 20075 | D:15     | Noticed Roxanne
 20216 | D:15     | Identified the +8 morningstar "Jirix" {freeze, rPois}
 20268 | D:15     | Reached skill level 15 in Shields
 20272 | D:15     | Reached skill level 16 in Fighting
 20572 | D:14     | Noticed Josephine
 20581 | D:14     | Killed Josephine
 20860 | D:13     | Identified the +3 short sword of Numuq {flame, rN+ Int+4}
 21975 | D:13     | Reached ****** piety under Zin
 22294 | D:13     | Noticed Sonja
 22309 | D:13     | Killed Sonja
 22654 | D:13     | Reached XP level 15. HP: 124/144 MP: 19/22
 22972 | D:13     | Identified the ring "Lunkaajyet" {rElec AC+4 Int+3 Slay+3}
 23065 | D:13     | Upgraded the game from 0.31.0-11-ge490571c62 to
                  | 0.31.0-12-g77e489cdc1
 23388 | D:14     | Found a sacrificial altar of Ru.
 23816 | D:14     | Found an iron altar of Okawaru.
 23883 | D:14     | Found a gate to the Vaults.
 24156 | Lair:5   | Entered Level 5 of the Lair of Beasts
 24341 | Lair:5   | Got the Annotations on Misty Congelation
 24422 | Lair:5   | Found a transporter.
 24488 | Lair:5   | Found a transporter.
 25322 | Lair:5   | Noticed MrCrawl's ghost (journeyman MiBe)
 25323 | Lair:5   | Found a one-way gate to the infinite horrors of the Abyss.
 25624 | Lair:2   | Reached skill level 5 in Armour
 25629 | Lair:2   | Reached skill level 17 in Fighting
 25696 | Lair:3   | Found a staircase to the Snake Pit.
 26380 | D:15     | Noticed Nessos
 26391 | D:15     | Killed Nessos
 26727 | D:15     | Found a staircase to the Depths.
 26857 | D:15     | Reached XP level 16. HP: 106/155 MP: 24/24
 27364 | Snake:1  | Entered Level 1 of the Snake Pit
 28488 | Snake:2  | Found Xemmauf's Antique Armour Boutique.
 28490 | Snake:2  | Found Qomoenib's Distillery.
 28490 | Snake:2  | Found Noithin's Antique Weapon Boutique.
 28495 | Snake:2  | Found Seshutah's Distillery.
 28572 | Snake:2  | Identified the serpent talisman of Ishag Faa {Fly rC++
                  | Int+2 Stlth+}
 28572 | Snake:2  | Noticed Aizul
 28591 | Snake:2  | Killed Aizul
 29521 | Snake:3  | Reached skill level 10 in Armour
 29578 | Snake:3  | Noticed Nikola
 29612 | Snake:3  | Killed Nikola
 29816 | Snake:3  | Reached skill level 18 in Fighting
 29996 | Snake:3  | Noticed Vashnia
 30073 | Snake:3  | Killed Vashnia
 30577 | Snake:4  | Entered Level 4 of the Snake Pit
 30588 | Snake:4  | Noticed Mara
 31234 | Snake:4  | Reached XP level 17. HP: 131/165 MP: 26/26
 31613 | Snake:4  | Noticed Saint Roka
 31823 | Snake:4  | Killed Saint Roka
 32270 | Snake:4  | Identified the +4 mace "Meduz" {flame, *Rage +Blink rElec}
 32291 | Snake:4  | Noticed nightchill's illusion
 32301 | Snake:4  | Killed Mara
 32385 | Snake:4  | Noticed Yehuk's ghost (adept MiBe)
 32398 | Snake:4  | Found a transporter.
 32401 | Snake:4  | Found a transporter.
 32425 | Snake:4  | Reached skill level 15 in Invocations
 32868 | Snake:4  | Got a serpentine rune of Zot
 33582 | Shoals:1 | Entered Level 1 of the Shoals
 34670 | Shoals:2 | Noticed Mlioglotl
 34693 | Shoals:2 | Killed Mlioglotl
 34697 | Shoals:2 | Reached skill level 19 in Fighting
 34742 | Shoals:2 | Noticed Ilsuiw
 35366 | Vaults:1 | Entered Level 1 of the Vaults
 35715 | Vaults:1 | Reached XP level 18. HP: 118/176 MP: 29/29
 35720 | Vaults:1 | Noticed Norris
 35738 | Vaults:1 | Shot with a bolt by a yaktaur

Illustrated notes

Levels and vault maps discovered:
D:1:      elethiomel_arrival_quiet, layout_basic, minmay_tall_x
D:2:      layout_basic, basic_altar, serial_forest, infiniplex_forest_zigzag_2,
          infiniplex_forest_lined_2, infiniplex_forest_diagonal,
          infiniplex_forest_corner_2, serial_shops, nicolae_shop_waterfront,
          uniq_sigmund
D:3:      layout_loops_ring, nicolae_overflow_hidden_temple, st_stairs_6,
          nrook_mini_vaults, chequers_garden, wad_orctagon, uniq_terence
D:4:      layout_rooms, lemuel_tele_altar, kennysheep_nub, minivault_25,
          minmay_misc_feat_cross, uniq_pikel
D:5:      layout_loops_cross, temple_doors_ab, serial_shops, shop,
          uniq_eustachio, uniq_ijyb, uniq_prince_ribbit1, uniq_edmund
D:6:      layout_rooms, portal_sewer_entry_f
D:7:      kb_forest_paths, layout_rooms, uniq_duvessa, uniq_jeremiah,
          uniq_maggie
D:8:      layout_rooms, grunt_lair_entry_orc_guard_hut, kennysheep_another_room
D:9:      layout_rooms, nicolae_hepliaklqana_monster_ancestors, david_orc_4,
          serial_demonic, serial_demonic_d, serial_demonic_f, serial_demonic_e,
          serial_demonic_a, corexii_hall_statues_l, nicolae_stop_n_shop_2,
          uniq_maurice
D:10:     layout_irregular_city, minmay_beelzebubs_servants, uniq_snorg
D:11:     layout_rooms, minivault_26
D:12:     layout_roguey
D:13:     layout_irregular_city, solitary_fountain, fake_guardian_serpent_vault,
          uniq_sonja
D:14:     layout_cave_pools, hellmonk_vaults_keyhole, nicolae_ru_path_of_blood,
          grunt_livestock, kennysheep_okawaru_gauntlet, uniq_josephine
D:15:     hangedman_depths_entry_try_elsewhere_first, layout_basic,
          chequers_serial_rivers_micro_a, uniq_nessos, uniq_roxanne
Temple:   nicolae_temple_bog_church
Lair:1:   minmay_lair_oklob_chamber, layout_big_grid, dreamdust_gnoll_shepherd,
          grunt_megastairs_3, infiniplex_staircase_pool
Lair:2:   layout_cave_pods, elwin_shoals_entry_rocks, serial_bayou_shore_a,
          grunt_megastairs_1, lemuel_fruit_tree, lemuel_fruit_fields
Lair:3:   layout_regular_city, minmay_snake_entry_guardpost_small,
          gauntlet_entry_generic, pond
Lair:4:   layout_roguey, slime_entry_2, grunt_megastairs_5, lemuel_fruit_fields
Lair:5:   gammafunk_lair_ancient_temple, layout_concentric_octagons,
          gammafunk_ghost_abyssal_escape
Shoals:1: layout_shoals, nicolae_shoals_cliffside_cave
Shoals:2: layout_shoals, uniq_ilsuiw, uniq_mlioglotl, uniq_polyphemus
Snake:1:  nicolae_snake_unarmed_stairs_patrol, layout_rooms
Snake:2:  layout_grid_shapes, minmay_shoptagon, uniq_aizul
Snake:3:  layout_cave_pods, hangedman_corner_corridor, uniq_nikola, uniq_vashnia
Snake:4:  snake_pit, layout_cave_town, gammafunk_ghost_arena, uniq_mara,
          uniq_saint_roka
Orc:1:    layout_diamond_mine, uniq_erica
Orc:2:    pf_orc_diabolical, layout_caves
Vaults:1: vaults_dpeg_diagonal, nicolae_vaults_wrenched,
          nicolae_vaults_layer_cake_slice, kennysheep_ogre_elephant_herders,
          v_misc_9, vaults_room_pool, v_misc_24, serial_ice_b,
          nicolae_vaults_offset_grid_hallway_3, vaults_mumra_hexcomb,
          layout_vaults_omnibox, uniq_norris

Skill      XL: |  1  2  3  4  5  6  7  8  9 10 11 12 13 14 15 16 17 |
---------------+----------------------------------------------------+-----
Axes           | 3 4 6 8 9 11 14 16 17 18 | 18.0
Fighting       | 4 5 6 7 9 10 12 13 14 15 16 17 18 19 | 19.2
Invocations    | 2 7 9 10 12 14 16 | 16.1
Shields        | 8 11 13 15 16 | 16.6
Evocations     | 6 7 8 |  8.0
Armour         | 6 11 14 | 14.4

Action                     |  1- 3 |  4- 6 |  7- 9 | 10-12 | 13-15 | 16-18 || total
---------------------------+-------+-------+-------+-------+-------+-------++-------
  Melee: War axe           |   104 |   115 |   314 |   466 |   596 |       ||  1595
         Headbutt          |    10 |    14 |    49 |   101 |   242 |   179 ||   595
         Morningstar       |       |       |       |    13 |       |       ||    13
         Broad axe         |       |       |       |       |   417 |   662 ||  1079
  Throw: Dart              |       |       |     9 |     4 |     7 |       ||    20
         Throwing net      |       |       |       |     1 |       |     1 ||     2
 Invoke: Recite            |       |       |     8 |     9 |    46 |    31 ||    94
         Vitalisation      |       |       |     3 |    29 |    50 |    44 ||   126
         Imprison          |       |       |       |     3 |     7 |    10 ||    20
         Sanctuary         |       |       |       |       |     2 |     1 ||     3
Ability: Evoke Blink       |       |       |       |       |     1 |     1 ||     2
  Evoke: Wand              |       |       |       |     1 |     1 |     2 ||     4
    Use: Potion            |       |     2 |     3 |     5 |       |     6 ||    16
         Scroll            |       |     3 |     8 |     9 |    22 |    11 ||    53
   Stab: Invisible         |       |       |     5 |       |     5 |     3 ||    13
         Confused          |       |       |       |     1 |     7 |    11 ||    19
         Paralysed         |       |       |       |       |     3 |       ||     3
         Petrifying        |       |       |       |       |     1 |       ||     1
         Held in net/web   |       |       |       |       |       |     1 ||     1
 Armour: Scale mail        |    65 |    39 |       |       |       |       ||   104
         Chain mail        |       |    26 |   156 |       |       |       ||   182
         Ring mail         |       |       |    10 |   281 |   511 |   437 ||  1239
  Dodge: Dodged            |    51 |    39 |   108 |   271 |   221 |   177 ||   867
  Block: Buckler           |    25 |    18 |    41 |    28 |       |       ||   112
         Kite shield       |       |       |       |   178 |   522 |   489 ||  1189
